 Dungeon Crawl Stone Soup version 0.31.0-11-ge490571c62 (webtiles) character file.

Game seed: 10879156523654204130

209 ezpacito the Chopper (level 5, -14/63 HPs)
             Began as a Demonspawn Berserker on Jan 31, 2024.
             Was a Believer of Trog.
             Demolished by an ogre
             ... wielding a +0 giant club
              (23 damage)
             ... on level 3 of the Dungeon.
             The game lasted 00:03:14 (1995 turns).

ezpacito the Chopper (Demonspawn Berserker)         Turns: 1995, Time: 00:03:15

Health: -14/63     AC:  8    Str: 17    XL:     5   Next: 55%
Magic:  5/5        EV:  8    Int:  7    God:    Trog [**....]
Gold:   126        SH:  0    Dex: 15    Spells: 4/4 levels left

rFire   . . .        s - +0 war axe
rCold   . . .        (no shield)
rNeg    . . .        f - +0 chain mail
rPois   .            (no helmet)
rElec   .            (no cloak)
rCorr   .            (no gloves)
SInv    .            (no boots)
Will    .....        (no amulet) Stlth
                     (no ring)
HPRegen 0.30/turn    (no ring)
MPRegen 0.18/turn

%: no passive effects
@: berserking (expiring), very quick
A: hooves 1, magic regeneration
a: Renounce Religion, Berserk, Trog's Hand


You were on level 3 of the Dungeon.
You worshipped Trog.
Trog was pleased with you.
You visited 1 branch of the dungeon, and saw 3 of its levels.

You collected 126 gold pieces.

Inventory:

Hand Weapons
 h - a +0 sling
 s - a +0 war axe (weapon)
Missiles
 b - 5 poisoned darts
 c - 7 stones (quivered)
Armour
 f - a +0 chain mail (worn)
Scrolls
 d - a scroll of silence {unknown}
 g - a scroll of torment {unknown}
 j - 3 scrolls of teleportation {unknown}
 k - a scroll of identify {unknown}
 p - a scroll of blinking {unknown}
 q - 2 scrolls of fear {unknown}
Potions
 a - a potion of degeneration {unknown}
 e - a potion of curing {unknown}
 i - a potion of brilliance {unknown}
 l - a potion of heal wounds {unknown}
 m - a potion of berserk rage {unknown}
 n - 2 potions of attraction {unknown}
 o - a potion of mutation {unknown}
 r - 2 potions of resistance {unknown}


   Skills:
 * Level 3.7 Fighting
 * Level 4.1 Axes
 * Level 2.5 Armour
 * Level 2.2 Dodging
 * Level 1.7 Stealth
 * Level 1.2 Unarmed Combat


You had 4 spell levels left.
You didn't know any spells.
Your spell library contained the following spells:

 Spells                   Type           Power      Damage    Failure   Level
 Sandblast                Erth           0%         2d4       99%         1
 Passage of Golubria      Tloc           0%         N/A       100%        4
 Borgnjor's Vile Clutch   Necr/Erth      0%         N/A       100%        5
 Lee's Rapid Deconstruct  Erth           0%         3d4*      100%        5
 Silence                  Hex/Air        0%         N/A       100%        5
 Lehudib's Crystal Spear  Conj/Erth      0%         10d2      100%        8


Dungeon Overview and Level Annotations

Branches:
Dungeon (3/15)

Altars:

Shops:
D:3 [


Innate Abilities, Weirdness & Mutations

You have large cloven feet.
You regenerate magic rapidly.


Message History

The gnoll barely misses you. The orc closely misses you.
The gnoll bouda barely misses you.
You barely miss the orc. You kick the orc!
You kill the orc!
Trog accepts your kill.
You hit the ogre but do no damage. You slash the gnoll bouda!
You kill the gnoll bouda!
Trog accepts your kill.
You slash the orc!
You kill the orc!
Trog accepts your kill.
The gnoll hits you from afar with a +0 halberd.
The ogre completely misses you.
Your Axes skill increases to level 4!
You slash the gnoll! Your kick misses the gnoll.
The gnoll is severely wounded.
You closely miss the orc. You hit the ogre. You hit the gnoll.
Unknown command.
You slash the ogre! You kick the ogre.
The ogre is severely wounded.
You closely miss the gnoll. You slash the gnoll!
You kill the gnoll!
Trog accepts your kill.
You closely miss the orc. The gnoll barely misses you. x2
The orc hits you but does no damage. The gnoll barely misses you.
The ogre hits you with a +0 giant club!!
You barely miss the ogre.
The ogre is severely wounded.
You hit the orc. You hit the gnoll.
The gnoll hits you from afar with a +0 halberd!
* * * LOW HITPOINT WARNING * * *
The gnoll hits you from afar with a +0 halberd.
* * * LOW HITPOINT WARNING * * *
The orc hits you with a +0 club.
* * * LOW HITPOINT WARNING * * *
The gnoll hits you but does no damage.
You are too berserk!
The ogre attacks as it pursues you!
The ogre hits you with a +0 giant club!!
You die...

###############
#........'....#+#
########@###....#.#
.....gg.O#$#....#.#
.....ggo.#?##)###.#
.....g...#$#...)..#
.........+.#...)..#
########################.#
......#))..#...........#.#
......).)..'...........'.#
......#....#...........#+#


You could see an ogre, 5 gnolls and an orc.

Vanquished Creatures
  2 gnoll boudas (D:3)
  2 orc wizards (D:3)
  2 gnolls (D:3)
  A dart slug (D:1)
  A ribbon worm (D:2)
  11 orcs (D:3)
  5 ball pythons
  4 bats
  3 endoplasms
  4 giant cockroaches
  4 goblins
  4 hobgoblins
  4 jackals (D:3)
  3 kobolds (D:1)
  8 quokkas
  3 frilled lizards (D:1)
  4 rats
65 creatures vanquished.

Notes
Turn   | Place    | Note
-------+----------+-------------------------------------------
     0 | D:1      | ezpacito the Demonspawn Berserker began the quest for the
                  | Orb.
     0 | D:1      | Reached XP level 1. HP: 18/18 MP: 1/1
   161 | D:1      | Got the Elucidation of the Fjord
   280 | D:1      | Gained mutation: You have large cloven feet. [demonic
                  | ancestry]
   280 | D:1      | Reached XP level 2. HP: 24/24 MP: 2/2
   481 | D:1      | Reached skill level 3 in Axes
   870 | D:2      | Gained mutation: You regenerate magic rapidly. [demonic
                  | ancestry]
   870 | D:2      | Reached XP level 3. HP: 29/29 MP: 3/3
  1153 | D:2      | Reached ** piety under Trog
  1154 | D:2      | Reached skill level 1 in Stealth
  1465 | D:3      | Found Duffil's Armour Boutique.
  1726 | D:3      | Reached XP level 4. HP: 34/35 MP: 4/4
  1777 | D:3      | Reached skill level 1 in Unarmed Combat
  1888 | D:3      | Reached XP level 5. HP: 25/41 MP: 5/5
  1984 | D:3      | Noticed an ogre
  1992 | D:3      | Reached skill level 4 in Axes
  1995 | D:3      | Demolished by an ogre

Illustrated notes

Levels and vault maps discovered:
D:1:      dpeg_arrival_castle, layout_rooms, bh_walls_and_bars
D:2:      layout_loops_ring, minmay_bisected
D:3:      lemuel_castle_with_subvaults [lemuel_castle_interior_carwin_1],
          layout_loops_corners, serial_shops, shop

Skill      XL: |  1  2  3  4  5 |
---------------+----------------+-----
Dodging        | 2 |  2.2
Axes           | 3 4 |  4.1
Stealth        | 1 |  1.7
Armour         | 2 |  2.5
Unarmed Combat | 1 |  1.2
Fighting       | |  3.7

Action                     |  1- 3 |  4- 6 || total
---------------------------+-------+-------++-------
  Melee: Hand axe          |    92 |       ||    92
         Kick              |    26 |     7 ||    33
         War axe           |    28 |    40 ||    68
 Invoke: Berserk           |       |     3 ||     3
 Armour: Animal skin       |     7 |       ||     7
         Chain mail        |    81 |    48 ||   129
  Dodge: Dodged            |    64 |    24 ||    88
